Map: 蓝移-天梯版

Players

IIIIIIIII

  • Race: Protoss Protoss

电脑难度(新手) - Winner!

  • Race: Terran Terran

VOD

Have the link to the VOD?

Description

Time

  • Played on: Dec. 23, 2018, 8:30 p.m.
  • Length: 3:29
Show
View Real Time Build Order
Export as new Build Order

IIIIIIIII Protoss 

Build Orders:  

Get SALT Encoding   

  12  0:05  Probe  
  13  0:14  Pylon  
  13  0:17  Probe  
  14  0:29  Probe  
  15  0:35  Gateway  
  15  0:41  Probe  
  16  0:45  Assimilator  
  16  0:53  Pylon  
  16  0:56  Probe  
  17  1:08  Probe  
  18  1:12  Gateway  
  18  1:22  Zealot  
  18  1:25  Cybernetics Core  
  20  1:35  Probe  
  21  1:47  Probe  
  22  1:51  Stalker  
  22  2:01  Stalker  
  26  2:10  Probe  
  27  2:16  Stalker  
  27  2:23  Pylon  
  29  2:33  Adept  
  31  2:48  Stalker  
  33  3:03  Nexus  
Show
View Real Time Build Order
Export as new Build Order

电脑难度(新手) Terran - Winner!

Build Orders: Reaper Expand 

Get SALT Encoding   

  12  0:00  SCV  
  13  0:13  SCV  
  14  0:18  Supply Depot  
  14  0:41  Barracks  
  14  1:02  Command Center  
  14  1:29  Supply Depot  
  14  1:30  Orbital Command  
  14  1:31  Marine  
  15  1:35  Refinery  
  15  1:47  Refinery  
  15  1:55  SCV  
  16  2:07  SCV  
  17  2:14  SCV  
  17  2:15  Reaper  
  19  2:21  SCV  
  20  2:28  SCV  
  20  2:35  SCV  
  21  2:43  SCV  
  22  2:50  SCV  
  23  2:56  Refinery  
  23  2:57  SCV  
  24  3:01  Marine  
  24  3:04  SCV  
  26  3:12  SCV  
  28  3:27  Factory  
Tags
 
Add a new tag
Caveats
  • Supply blocks, unpowered buildings, or Contaminate may cause inaccurate times.
  • Supply counts are checked every 10 seconds.